 Dungeon Crawl Stone Soup version 0.25-a0-860-gf695395b5c (webtiles) character file.

Game seed: 13379704089774712586, levelgen mode: classic

766 Amnesiac the Frost Mage (level 7, -3/50 HPs)
             Began as a Ghoul Ice Elementalist on Apr 29, 2020.
             Was a Follower of Vehumet.
             Slain by a phantom (7 damage)
             ... on level 5 of the Dungeon.
             The game lasted 00:09:57 (3320 turns).

Amnesiac the Frost Mage (Ghoul Ice Elementalist)    Turns: 3320, Time: 00:09:58

Health: -3/50      AC:  8    Str: 14 (15) XL:     7   Next: 82%
Magic:  7/12       EV: 10    Int: 15      God:    Vehumet [*.....]
Gold:   119        SH:  0    Dex:  9      Spells: 6/14 levels left

rFire    . . .     SeeInvis .   q - +2 short sword (venom)
rCold    + + .     Gourm    .   (no shield)
rNeg     + + +     Faith    .   g - +0 ring mail
rPois    ∞         Spirit   .   (no helmet)
rElec    .         Reflect  .   (no cloak)
rCorr    .         Harm     .   l - +2 pair of gloves {Str+3}
MR       .....                  (no boots)
Stlth    +.........             (no amulet)
HPRegen  0.00/turn              k - +3 ring of intelligence
MPRegen  0.13/turn              h - ring of protection from cold

@: frozen ramparts, rotting
A: rotting body, claws 1, carnivore, cold resistance 1, negative energy
resistance 3, inhibited regeneration, torment resistance, unbreathing
a: Renounce Religion


You were on level 5 of the Dungeon.
You worshipped Vehumet.
Vehumet was aware of your devotion.
You were very hungry.

You visited 2 branches of the dungeon, and saw 6 of its levels.

You collected 119 gold pieces.

Inventory:

Hand Weapons
 q - a +2 short sword of venom (weapon)
Armour
 d - a +0 leather armour
 g - a +0 ring mail (worn)
 i - a +0 helmet
 l - a +2 pair of gloves of strength (worn)
Jewellery
 h - a ring of protection from cold (right hand)
 k - a +3 ring of intelligence (left hand)
Scrolls
 e - 5 scrolls of teleportation {!r}
 m - a scroll of enchant armour {!r}
 p - a scroll of fear {!r}
 s - a scroll of amnesia {!r}
 t - a scroll of remove curse {!r}
 u - a scroll of magic mapping {!r}
Potions
 a - a potion of flight {!q}
 b - a potion of curing {!q}
 f - 2 potions of heal wounds {!q, unknown}
 j - 2 potions of haste {!q, unknown}
 n - a potion of mutation {!q}
 o - a potion of stabbing {!q, unknown}
 r - a potion of lignification {!q, unknown}
 v - a potion of might {!q, unknown}
 w - a potion of degeneration {!q, unknown}
Comestibles
 c - 9 rations


   Skills:
 - Level 1.7 Dodging
 - Level 2.1 Stealth
 + Level 4.3 Spellcasting
 * Level 8.8 Ice Magic


You had 6 spell levels left.
You knew the following spells:

 Your Spells              Type           Power        Failure   Level  Hunger
a - Freeze                Ice            ####         1%          1    None
b - Frozen Ramparts       Ice            ####..       3%          3    ###....
c - Summon Ice Beast      Ice/Summ       ###.....     52%         4    ####...

Your spell library contained the following spells:

 Spells                   Type           Power        Failure   Level  Hunger
 Shock                    Conj/Air       #...         34%         1    None
 Ozocubu's Armour         Chrm/Ice       ###.....     19%         3    ###....
 Hailstorm                Conj/Ice       ###.....     52%         4    ####...


Dungeon Overview and Level Annotations

Branches:
Dungeon (5/15)             Temple (1/1) D:4

Altars:
Cheibriados
Dithmenos
Nemelex Xobeh
Qazlal
Uskayaw
Vehumet
Xom
Yredelemnul
The Shining One

Annotations:
D:3 exclusion: downstairs


Innate Abilities, Weirdness & Mutations

Your body is rotting away.
You thrive on raw meat.
You are immune to poison.
You have sharp fingernails.
You are carnivorous and can eat meat at any time.
Your flesh is cold resistant. (rC+)
You are immune to negative energy. (rN+++)
You do not regenerate when monsters are visible.
You are immune to unholy pain and torment.
You can survive without breathing.


Message History

The wall freezes the phantom but do no damage.
You barely miss the phantom.
The phantom is severely damaged.
The phantom resists.
The wall freezes the phantom.
The phantom hits you.
* * * LOW HITPOINT WARNING * * *
You closely miss the phantom.
The phantom is severely damaged.
The phantom completely resists.
The wall freezes the phantom but do no damage.
The phantom hits you!
* * * LOW HITPOINT WARNING * * *
The phantom blinks!
The frozen ramparts melt away.
Your ring mail prevents you from hitting the phantom.
The phantom is severely damaged.
The phantom hits you!
* * * LOW HITPOINT WARNING * * *
The phantom blinks!
You are too injured to fight recklessly!
You are too injured to fight recklessly!
You are too injured to fight recklessly!
Casting: Frozen Ramparts (mildly dangerous; 3% risk of failure)
Confirm with . or Enter, or press ? or * to list all spells.
The walls around you are covered in ice.
You are feeling very hungry.
The phantom completely resists.
The wall freezes the phantom but do no damage.
The phantom hits you.
* * * LOW HITPOINT WARNING * * *
You are too injured to fight recklessly!
You are too injured to fight recklessly!
You hit the phantom.
The phantom is severely damaged.
The phantom completely resists.
The wall freezes the phantom but do no damage.
The phantom hits you but does no damage.
You hit the phantom.
The phantom is severely damaged.
The phantom resists.
The wall freezes the phantom.
The phantom blinks! x2
You barely miss the phantom.
The phantom is severely damaged.
The phantom resists.
The wall freezes the phantom.
The phantom hits you but does no damage.
You hit the phantom.
The phantom is almost destroyed.
The phantom completely resists.
The wall freezes the phantom but do no damage.
The phantom hits you but does no damage.
You barely miss the phantom.
The phantom is almost destroyed.
The phantom completely resists.
The wall freezes the phantom but do no damage.
The phantom hits you but does no damage.
Unknown command.
You miss the phantom.
The phantom is almost destroyed.
The phantom completely resists.
The wall freezes the phantom but do no damage.
The phantom hits you.
* * * LOW HITPOINT WARNING * * *
You barely miss the phantom.
The phantom is almost destroyed.
The phantom resists.
The wall freezes the phantom.
The phantom hits you!
You die...

######### . #.....#..
.##### #.###.#.#
.....# #.#.#.#.#
.###.#### #.#...#.#
...#.#..###.#.###W###
...#.##.....#...@...#
_..÷.....########.#.#
...##....# #.# #
...##....# ...
.####.#### .#...
?####.# ......#
......# ## #....
.###### ..#)#. .#
.##.#.#


You could see a phantom.

Vanquished Creatures
  A sky beast (D:5)
  An ogre (D:4)
  A scorpion (D:4)
  A crimson imp (D:4)
  2 orc priests (D:4)
  A bullfrog zombie (D:4)
  4 orc wizards
  A centaur skeleton (D:4)
  An iguana (D:4)
  2 worker ants (D:4)
  A hound skeleton (D:5)
  7 adders
  A shadow imp (D:5)
  A white imp (D:4)
  An ooze (D:4)
  3 worms
  A dart slug (D:2)
  12 leopard geckos
  7 orcs
  5 giant cockroaches
  4 goblins
  5 hobgoblins
  2 jackals (D:4)
  3 quokkas
  7 bats
  6 frilled lizards
  8 kobolds
  10 rats
  A butterfly (D:4)
100 creatures vanquished.

Notes
Turn   | Place    | Note
-------+----------+-------------------------------------------
     0 | D:1      | Amnesiac the Ghoul Ice Elementalist began the quest for the
                  | Orb.
     0 | D:1      | Reached XP level 1. HP: 14/14 MP: 2/2
   231 | D:2      | Reached XP level 2. HP: 18/20 MP: 0/4
   667 | D:3      | Reached skill level 5 in Ice Magic
   795 | D:3      | Reached XP level 3. HP: 26/26 MP: 3/5
   800 | D:3      | Learned a level 3 spell: Frozen Ramparts
   845 | D:3      | Reached XP level 4. HP: 11/33 MP: 0/6
   936 | D:3      | Found a shadowy altar of Dithmenos.
  1161 | D:4      | Reached skill level 6 in Ice Magic
  1163 | D:4      | Reached XP level 5. HP: 32/38 MP: 0/8
  1195 | D:4      | Noticed an ogre
  1254 | D:4      | Found a staircase to the Ecumenical Temple.
  1271 | Temple   | Entered the Ecumenical Temple
  1278 | Temple   | Became a worshipper of Vehumet
  1294 | D:4      | Reached XP level 6. HP: 43/45 MP: 0/9
  1330 | D:4      | Reached skill level 7 in Ice Magic
  2197 | D:2      | Found a stormy altar of Qazlal.
  2203 | D:2      | Learned a level 4 spell: Summon Ice Beast
  2203 | D:2      | Noticed an air elemental
  2204 | D:2      | Noticed a water elemental
  2204 | D:2      | Noticed a fire elemental
  2235 | D:2      | Found a glowing golden altar of the Shining One.
  2312 | D:2      | Found a hide-covered altar of Uskayaw.
  2663 | D:3      | Reached * piety under Vehumet
  2663 | D:3      | Offered knowledge of Shock by Vehumet.
  2744 | D:4      | Reached XP level 7. HP: 50/50 MP: 8/11
  2784 | D:4      | Reached skill level 8 in Ice Magic
  3053 | D:4      | Found a basalt altar of Yredelemnul.
  3210 | D:5      | Entered Level 5 of the Dungeon
  3210 | D:5      | Found a snail-covered altar of Cheibriados.
  3320 | D:5      | Slain by a phantom

Levels and vault maps discovered:
D:1:      dpeg_arrival_rooms_a, layout_basic, chequers_serial_rivers_small_b,
          minmay_misc_feat_chi
D:2:      cheibrodos_old_hovel, layout_loops_corners, tso_metal_star,
          eat_drink_and_be_merry_uskayaw, nicolae_qazlal_style_of_elements,
          first_ration
D:3:      layout_loops_corners, nicolae_dithmenos_through_a_glass_darkly,
          serial_aquarium, aquarium_bridge_square [aquarium_subvault_bridge,
          aquarium_subvault_balcony, aquarium_subvault_window,
          aquarium_subvault_wall], aquarium_window_double, aquarium_window_fake,
          aquarium_view_2b, aquarium_pool_2, serial_bayou_pond_c,
          hangedman_feature_mirror, minivault_26
D:4:      layout_rooms, overflow_temple_1_default,
          minmay_temple_entry_butterflies, minmay_fire_ice_demons
D:5:      layout_basic, nicolae_overflow_crystal_walls, zin_angel, uniq_grinder
Temple:   hc_temple_tempest_star

Skill      XL: |  1  2  3  4  5  6  7 |
---------------+----------------------+-----
Spellcasting   | 2 3 4 |  4.3
Ice Magic      | 5 6 7 8 |  8.8
Dodging        | |  1.7
Stealth        | |  2.1

Action                   |  1- 3 |  4- 6 |  7- 9 || total
-------------------------+-------+-------+-------++-------
Melee: Unarmed           |    18 |    12 |       ||    30
       Short sword       |       |    79 |   102 ||   181
 Cast: Freeze            |    28 |    25 |       ||    53
       Frozen Ramparts   |     2 |    13 |     8 ||    23
  Use: Scroll            |       |    11 |     2 ||    13
       Potion            |       |       |     1 ||     1
 Stab: Sleeping          |     1 |     1 |       ||     2
  Eat: Chunk             |       |     8 |     2 ||    10
Armor: Leather armour    |    11 |    25 |       ||    36
       Ring mail         |       |    13 |    43 ||    56
Dodge: Dodged            |    23 |    82 |    44 ||   149

Table legend:
 A = Non-vault XP
 B = Vault XP
 C = Vault XP percentage of total XP
 D = Non-vault monster count
 E = Vault monster count
 F = Vault count percentage of total count
                 A         B        C        D         E       F
            +---------+---------+-------+---------+---------+-------
      Total |    1035 |      60 |   5.5 |      96 |       3 |   3.0
            +---------+---------+-------+---------+---------+-------
        D:1 |      23 |       0 |   0.0 |      15 |       0 |   0.0
        D:2 |      86 |       1 |   1.1 |      26 |       1 |   3.7
        D:3 |     121 |       0 |   0.0 |      24 |       0 |   0.0
        D:4 |     638 |      59 |   8.5 |      26 |       2 |   7.1
        D:5 |     167 |       0 |   0.0 |       5 |       0 |   0.0
            +---------+---------+-------+---------+---------+-------
